Map: 10000 Feet LE

Players

OneBaseALLIN - Winner!

  • Race: Terran Terran
  • Spawn Location: 11:00

A.I. 1 (Easy)

  • Race: Protoss Protoss
  • Spawn Location: 5:00

VOD

Have the link to the VOD?

Description

Time

  • Played on: June 8, 2026, 12:31 p.m.
  • Length: 8:28
Show
View Real Time Build Order
Export as new Build Order

OneBaseALLIN Terran - Winner!

Build Orders:  

Get SALT Encoding   

  12  0:00  SCV  
  13  0:12  SCV  
  14  0:17  Supply Depot  
  14  0:24  SCV  
  15  0:38  SCV  
  15  0:40  Barracks  
  16  0:45  Refinery  
  16  0:50  SCV  
  17  1:03  SCV  
  18  1:15  SCV  
  19  1:27  Marine  
  19  1:30  Orbital Command  
  20  1:42  Command Center  
  20  1:53  Barracks Reactor  
  20  1:55  Supply Depot  
  20  1:56  SCV  
  21  2:03  Barracks  
  21  2:08  SCV  
  21  2:14  Barracks  
  22  2:20  SCV  
  23  2:22  Bunker  
  23  2:29  Marine  
  23  2:30  Marine  
  23  2:33  SCV  
  26  2:45  SCV  
  26  2:47  Marine x2  
  29  2:51  Barracks Tech Lab  
  29  2:55  Orbital Command  
  29  2:57  SCV  
  30  3:04  Barracks Tech Lab  
  30  3:05  Marine x2  
  30  3:09  SCV  
  30  3:10  Marine  
  34  3:15  Stimpack  
  34  3:21  SCV  
  34  3:23  Marine  
  34  3:25  SCV  
  34  3:27  Marine x2  
  37  3:33  SCV  
  40  3:35  Combat Shield  
  40  3:40  Marine  
  40  3:41  Marine, Supply Depot, SCV  
  41  3:44  Supply Depot, Marine  
  41  3:46  Marine  
  45  3:56  SCV  
  45  4:02  Marine x3  
  46  4:03  Supply Depot  
  46  4:04  Marine  
  46  4:05  SCV  
  46  4:09  Refinery  
  51  4:11  SCV  
  51  4:16  Supply Depot  
  52  4:17  SCV  
  52  4:20  Marine x3  
  52  4:22  Marine  
  52  4:23  SCV  
  58  4:30  Command Center  
  58  4:35  SCV  
  58  4:38  SCV, Marine x3  
  60  4:40  Marine  
  60  4:44  Factory  
  64  4:49  SCV  
  65  4:53  SCV  
  65  4:56  Marine x2  
  65  4:58  Marine, Supply Depot  
  65  4:59  Marine  
  70  5:01  SCV  
  70  5:04  Supply Depot  
  71  5:09  Refinery  
  71  5:14  Marine x2  
  71  5:15  Marine  
  71  5:17  Marine  
  71  5:19  SCV  
  76  5:22  SCV  
  76  5:24  Refinery  
  77  5:29  Factory Reactor  
  77  5:31  Starport, SCV, Marine x2  
  79  5:39  SCV, Marine  
  79  5:40  Marine  
  82  5:44  Orbital Command  
  82  5:48  SCV  
  83  5:52  Engineering Bay  
  83  5:54  SCV  
  83  5:55  Engineering Bay  
  84  6:00  Concussive Shells, SCV  
  84  6:04  Marauder x2  
  87  6:11  SCV  
  88  6:19  Supply Depot  
  88  6:20  Orbital Command, SCV  
  88  6:24  Marine  
  88  6:25  Marine, Marauder x2, Barracks  
  95  6:26  Barracks  
  95  6:31  Factory Tech Lab  
  95  6:32  Medivac  
  97  6:35  Medivac  
  99  6:42  Supply Depot  
  99  6:46  SCV x3, Marauder x2  
  106  6:55  Supply Depot  
  106  6:58  SCV x3  
  106  7:01  Siege Tank  
  112  7:08  Marauder x2  
  116  7:10  SCV x3  
  116  7:11  Medivac x2  
  123  7:17  Barracks Tech Lab  
  123  7:18  Barracks Tech Lab  
  123  7:23  Marine x2  
  123  7:24  SCV  
  123  7:26  Supply Depot  
  123  7:29  Marauder x2  
  130  7:31  SCV  
  130  7:32  SCV  
  130  7:37  SCV  
  133  7:47  Marine, SCV, Siege Tank, Marauder  
  133  7:50  Marauder  
  133  7:51  Supply Depot  
  141  8:13  Supply Depot  
Show
View Real Time Build Order
Export as new Build Order

A.I. 1 (Easy) Protoss 

Build Orders:  

Get SALT Encoding   

  12  0:00  Probe  
  13  0:13  Probe  
  14  0:19  Pylon  
  14  0:25  Probe  
  15  0:33  Probe  
  16  0:44  Assimilator  
  16  0:49  Gateway  
  16  0:52  Pylon  
  16  1:16  Assimilator  
  16  1:29  Zealot  
  16  1:38  Cybernetics Core  
  18  1:45  Probe  
  19  1:59  Pylon, Probe  
  20  2:07  Probe  
  20  2:14  Adept  
  23  2:15  Probe, Warp Gate  
  24  2:27  Probe  
  25  2:39  Probe  
  25  2:41  Stalker  
  28  3:01  Adept  
  30  4:30  Probe  
  30  5:29  Stalker, Probe  
  30  5:31  Pylon  
  31  5:37  Robotics Facility  
  31  5:41  Probe  
  24  5:51  Pylon, Stalker  
  24  5:53  Probe, Robotics Facility  
  19  6:05  Probe  
  19  6:12  Pylon  
  19  6:14  Zealot  
  19  6:16  Cybernetics Core  
  19  6:17  Probe  
  22  6:29  Probe  
  23  6:40  Observer  
  23  6:41  Probe  
  25  6:54  Probe  
  26  6:55  Stalker  
  26  6:57  Observer  
  29  7:03  Nexus  
  29  7:06  Probe  
  30  7:17  Sentry  
  31  7:40  Adept  
  33  7:57  Pylon  
  27  8:06  Probe  
  27  8:09  Zealot  
  27  8:12  Pylon  
  16  8:21  Nexus  
Tags
 
Add a new tag
Caveats
  • Supply blocks, unpowered buildings, or Contaminate may cause inaccurate times.
  • Supply counts are checked every 10 seconds.